 Dungeon Crawl Stone Soup version 0.29.1-14-g9c671dbff4 (webtiles) character file.

Game seed: 1017504777343231706

56 protoss039 the Digger (level 3, 0/27 HPs)
             Began as a Demonspawn Earth Elementalist on Feb 16, 2023.
             Constricted to death by Ijyb (5 damage)
             ... on level 2 of the Dungeon.
             The game lasted 00:02:39 (1447 turns).

protoss039 the Digger (DsEE)                        Turns: 1447, Time: 00:02:39

Health: 0/27       AC:  5    Str:  8    XL:     3   Next: 69%
Magic:  1/7        EV:  9    Int: 18    God:
Gold:   31         SH:  0    Dex: 13    Spells: 4/7 levels left

rFire   + . .      SeeInvis .   e - +0 dagger
rCold   . . .      Faith    .   (no shield)
rNeg    . . .      Spirit   .   a - +0 robe
rPois   .          Reflect  .   (no helmet)
rElec   .          Harm     .   (no cloak)
rCorr   .          Rampage  .   (no gloves)
Will    .....                   f - +2 pair of boots
Stlth   ++........              (no amulet)
HPRegen 0.09/turn               g - ring of protection from fire
MPRegen 0.10/turn               (no ring)

@: grasped by roots, constricted
A: hooves 1
a: no special abilities


You were on level 2 of the Dungeon.
You visited 1 branch of the dungeon, and saw 2 of its levels.

You collected 31 gold pieces.

Inventory:

Hand Weapons
 e - a +0 dagger (weapon)
Armour
 a - a +0 robe (worn)
 f - a +2 pair of boots (worn)
Jewellery
 g - a ring of protection from fire (left hand)
Scrolls
 c - a scroll of blinking {unknown}
 d - 5 scrolls of teleportation {unknown}
 h - 4 scrolls of identify {unknown}
Potions
 b - a potion of magic
 i - a potion of might {unknown}


   Skills:
 + Level 1.7 Fighting
 - Level 1.7 Dodging
 - Level 1.7 Stealth
 + Level 2.7 Spellcasting
 - Level 0.8 Transmutations
 + Level 3.3 Earth Magic


You had 4 spell levels left.
You knew the following spells:

 Your Spells              Type           Power      Damage    Failure   Level
a - Sandblast             Erth           28%        2d8       4%          1
b - Passwall              Tmut/Erth      7%         N/A       11%         2

Your spell library contained the following spells:

 Spells                   Type           Power      Damage    Failure   Level
 Stone Arrow              Conj/Erth      16%        3d8       26%         3
 Petrify                  Tmut/Erth      9%         N/A       56%         4


Dungeon Overview and Level Annotations

Branches:
Dungeon (2/15) Zot: 10525

Altars:

Annotations:
D:2 Ijyb


Innate Abilities, Weirdness & Mutations

You have large cloven feet.


Message History

Ijyb drinks a potion.
Ijyb suddenly seems more resistant.
The grasping roots constrict you.
Unknown command.
Press: ? - help, v - describe, . - travel
Here: Ijyb, wielding a +0 club, wearing a +0 ring mail, wearing a ring of fire and carrying a wand of roots (2) (unusually resistant)
The floor.
Unknown command.
Casting: Sandblast (safe; 4% risk of failure)
Confirm with . or Enter, or press ? or * to list all spells.
Aiming: Sandblast (safe; 4% risk of failure)
Press: ? - help, Shift-Dir - straight line, f - Ijyb
Aim: Ijyb, wielding a +0 club, wearing a +0 ring mail, wearing a ring of fire and carrying a wand of roots (2) (unusually resistant, 80% to hit)
The blast of sand hits Ijyb.
Ijyb is lightly wounded.
The grasping roots constrict you. x2
The grasping roots release their grip on you.
Casting: Sandblast (safe; 4% risk of failure)
Confirm with . or Enter, or press ? or * to list all spells.
Aiming: Sandblast (safe; 4% risk of failure)
Press: ? - help, Shift-Dir - straight line, f/p - Ijyb
Aim: Ijyb, wielding a +0 club, wearing a +0 ring mail, wearing a ring of fire and carrying a wand of roots (2) (lightly wounded, unusually resistant, 80% to hit)
The blast of sand hits Ijyb.
Ijyb is moderately wounded.
Ijyb hits you with a +0 club.
* * * LOW HITPOINT WARNING * * *
Your magical contamination has completely faded away.
Unknown command.
Casting: Sandblast (safe; 4% risk of failure)
Confirm with . or Enter, or press ? or * to list all spells.
Aiming: Sandblast (safe; 4% risk of failure)
Press: ? - help, Shift-Dir - straight line, f/p - Ijyb
Aim: Ijyb, wielding a +0 club, wearing a +0 ring mail, wearing a ring of fire and carrying a wand of roots (2) (moderately wounded, unusually resistant, 80% to hit)
The blast of sand hits Ijyb but does no damage.
Ijyb is moderately wounded.
Ijyb hits you with a +0 club.
* * * LOW HITPOINT WARNING * * *
Ijyb zaps a wand.
The roots erupt in riotous growth!
The grasping roots grab you!
Ijyb is unaffected.
The grasping roots constrict you.
You die...

# #.......# ###..~~~~.##
.##.~~~~~..#
..††~†~~~~.##
###.~~~~~~..#
###..~~~~...############
........................
######.########..#######
#)# #.@8.8.8.8 #)#
#..g...... #.#
#......... #.#
#......... #.#
#......... #(###
#......... #...#
####..8.8.8.8
###.###..g..#######
#..##.....#


You could see Ijyb (resistant) and a goblin.

Vanquished Creatures
  An adder (D:2)
  5 ball pythons
  A bat (D:2)
  7 endoplasms (D:1)
  3 giant cockroaches (D:1)
  6 goblins
  2 hobgoblins (D:1)
  2 jackals (D:1)
  12 frilled lizards
  3 kobolds (D:1)
  A rat (D:1)
43 creatures vanquished.

Vanquished Creatures (others)
  2 plants (D:2)
2 creatures vanquished.

Grand Total: 45 creatures vanquished

Notes
Turn   | Place    | Note
-------+----------+-------------------------------------------
     0 | D:1      | protoss039 the Demonspawn Earth Elementalist began the
                  | quest for the Orb.
     0 | D:1      | Reached XP level 1. HP: 13/13 MP: 3/3
    95 | D:1      | Found a faded altar of an unknown god.
   146 | D:1      | Discovered your monstrous ancestry.
   146 | D:1      | Gained mutation: You have large cloven feet. [demonic
                  | ancestry]
   146 | D:1      | Reached XP level 2. HP: 12/20 MP: 0/5
   401 | D:1      | Reached skill level 1 in Fighting
   427 | D:1      | Reached skill level 3 in Earth Magic
   838 | D:1      | Reached XP level 3. HP: 26/26 MP: 3/6
  1161 | D:1      | Learned a level 2 spell: Passwall
  1440 | D:2      | Noticed Ijyb
  1447 | D:2      | Constricted to death by Ijyb

Illustrated notes

Levels and vault maps discovered:
D:1:      pf_arrival_petrified_forest, layout_basic, basic_ecumenical_altar
D:2:      kennysheep_the_goblin_king, layout_basic, serial_forest,
          infiniplex_forest_zigzag_1, infiniplex_forest_lined_room_2,
          infiniplex_forest_lined_corner, infiniplex_forest_clump_curved,
          infiniplex_forest_straight_2, minmay_lizard_pond

Skill      XL: |  1  2 |
---------------+-------+-----
Fighting       | 1 |  1.7
Earth Magic    | 3 |  3.3
Dodging        | |  1.7
Stealth        | |  1.7
Spellcasting   | |  2.7
Transmutations | |  0.8

Action                   || total
-------------------------++-------
Melee: Unarmed           ||    11
       Punch             ||     2
       Dagger            ||    30
       Kick              ||     1
 Cast: Sandblast         ||    55
Armor: Robe              ||    33
Dodge: Dodged            ||    67
